AoeStats
← RiseoftheRuben

Arabian Desert

510551874Analyzed
1v1 RM · 11h ago on Oct 1, 2026· 43m 8s· 2 players
Game mode
Random Map
Map size
Tiny (2 player)
Population
200
Speed
Normal
Resources
Standard
Victory
Conquest
Starting age
Dark Age
Ending age
Imperial Age
RankedLock teamsTeams togetherTeam positionsShared explorationLock speedFull tech treeHidden civsTurbo modeCheats
Victory
Defeat
🇩🇪 Vikings · Germany
1747
+15
🇩🇪 Berbers · Germany
1726
-15
Sir Alexander der Kunze
6:54 Loom
9:40 Feudal Age
10:21 Double-Bit Axe
12:18 Fletching
21:16 Horse Collar
24:58 Castle Age
23:37 Forging
24:58 Bloodlines
25:50 Scale Barding Armor
29:43 Gold Mining
37:06 Bow Saw
37:08 Husbandry
39:23 Wheelbarrow
40:03 Padded Archer Armor
44:47 Imperial Age
43:40 Leather Archer Armor
RiseoftheRuben
6:27 Loom
9:25 Feudal Age
9:33 Man-at-Arms
10:50 Double-Bit Axe
16:25 Fletching
18:31 Padded Archer Armor
22:33 Castle Age
20:36 Gold Mining
21:34 Scale Barding Armor
23:17 Bodkin Arrow
22:47 Elite Skirmisher
23:34 Town Watch
29:23 Chain Barding Armor
29:16 Arson
29:31 Squires
31:56 Scale Mail Armor
32:06 Forging
36:43 Imperial Age
35:03 Chain Mail Armor
35:27 Devotion
38:15 Iron Casting
38:03 Crossbowman
39:34 Bracer
40:48 Chemistry
40:31 Arbalester
43:25 Bow Saw
Connection lost

Rejoining the realm…

Still unreachable

The connection could not be restored.

Session expired

The server has moved on; the page needs a fresh start.